 Dungeon Crawl Stone Soup version 0.18.1-8-gdd0e5ea (webtiles) character file.

554741 nikopol the Phalangite (level 25, 0/216 HPs)
             Began as a Minotaur Berserker on May 24, 2016.
             Was the Champion of Trog.
             Killed from afar by an acid blob (4 damage)
             ... with a splash of acid
             ... created by the Royal Jelly
             ... on level 5 of the Pits of Slime on May 27, 2016.
             The game lasted 06:35:58 (79406 turns).

nikopol the Phalangite (Minotaur Berserker)        Turns: 79406, Time: 06:35:58

Health: 0/216      AC: 27    Str: 39    XL:     25   Next: 16%
Magic:  13/13      EV: 33    Int:  9    God:    Trog [******]
Gold:   6815       SH: 12    Dex: 21    Spells: 0 memorised, 24 levels left

rFire  x . .     SeeInvis .     X - +6 rapier "Umeuw" {flame, +Rage rElec rPois MP-9}
rCold  + + .     Gourm    +     e - +10 plate armour {MR+}
rNeg   + . .     Faith    .     n - +3 warlock's mirror {reflect}
rPois  +         Spirit   .     (helmet restricted)
rElec  +         Dismiss  .     U - +2 cloak of Starlight {rElec rC+ EV+4 Stlth--}
rCorr  +         Reflect  +     q - +2 pair of fencer's gloves {LBl+4 SBl+4 EV+3 Dex+6}
SustAt .         Harm     .     o - +2 pair of boots {run}
MR     ++...                    m - amulet of the gourmand
Stlth  ..........               y - ring of the Coward {rPois rF- rN+ Str+7}
                                C - ring of resist corrosion

@: mighty, exhausted, corroded, slowed, very slow, very resistant to hostile
enchantments, extremely unstealthy
A: retaliatory headbutt, horns 2, rough black scales 1, blurry vision 2, clever
2, cold resistance 1, frail 1, shaggy fur 1, no device heal 1
a: Berserk, Trog's Hand, Brothers in Arms, Burn Spellbooks, Renounce Religion,
Evoke Berserk Rage
}: 3/15 runes: decaying, serpentine, silver


You were on level 5 of the Pits of Slime.
You worshipped Trog.
Trog was exalted by your worship.
You were very hungry.

You visited 9 branches of the dungeon, and saw 48 of its levels.
You visited the Abyss 2 times.
You also visited: Labyrinth, Ossuary, Ice Cave and Volcano.

You collected 6815 gold pieces.

Inventory:

Hand Weapons
 f - a +7 antimagic glaive
 u - the +3 falchion of Atigae Iwkau {flame, MR++}
   (You found it on level 5 of the Vaults)

   It has been specially enchanted to burn those struck by it, causing extra
   injury to most foes and up to half again as much damage against particularly
   susceptible opponents.
   Big, fiery blades are also staple armaments of hydra-hunters.
   It affects your resistance to hostile enchantments.
 P - the +10 shortbow of Stickiness {freeze, Str+4 Int+2}
   (You found it on level 2 of the Swamp)

   It causes projectiles fired from it to freeze those they strike, causing
   extra injury to most foes and up to half again as much damage against
   particularly susceptible opponents.
   They can also slow down cold-blooded creatures.
   It affects your strength (+4).
   It affects your intelligence (+2).
 X - the +6 rapier "Umeuw" (weapon) {flame, +Rage rElec rPois MP-9}
   (You found it on level 13 of the Dungeon)

   It has been specially enchanted to burn those struck by it, causing extra
   injury to most foes and up to half again as much damage against particularly
   susceptible opponents.
   It insulates you from electricity.
   It protects you from poison.
   It affects your magic capacity (-9).
   It lets you go berserk.
 Y - a +7 eudemon blade of holy wrath
Missiles
 O - 1450 arrows (quivered)
Armour
 e - a +10 plate armour of magic resistance (worn)
 n - the +3 warlock's mirror (worn) {reflect}
   (You acquired it on level 5 of the Lair of Beasts)
 o - a +2 pair of boots of running (worn)
 q - the +2 pair of fencer's gloves (worn) {LBl+4 SBl+4 EV+3 Dex+6}
   (You acquired it on level 2 of the Lair of Beasts)

   It affects your evasion (+3).
   It affects your dexterity (+6).
 B - a +2 plate armour of fire resistance
 U - the +2 cloak of Starlight (worn) {rElec rC+ EV+4 Stlth--}
   (You acquired it on level 1 of the Vaults)

   It affects your evasion (+4).
   It protects you from cold.
   It insulates you from electricity.
   It makes you much less stealthy.
Jewellery
 d - an uncursed ring of positive energy
 k - an uncursed ring of protection from magic
 m - an amulet of the gourmand (around neck)
 w - the ring "Fyrofah" {rN+ MR- Str+5}
   (You found it on level 3 of the Crypt)

   [ring of positive energy]

   It affects your strength (+5).
   It protects you from negative energy.
   It affects your resistance to hostile enchantments.
 y - the ring of the Coward (right hand) {rPois rF- rN+ Str+7}
   (You found it on level 3 of the Crypt)

   [ring of positive energy]

   It affects your strength (+7).
   It makes you vulnerable to fire.
   It protects you from poison.
   It protects you from negative energy.
 C - a ring of resist corrosion (left hand)
 J - the ring of Robustness {AC+8}
   (You took it off a vault warden on level 5 of the Vaults)

   [ring of protection]

   It affects your AC (+8).
 R - the ring of Nuufoketh {rPois Dex+3 SInv Stlth+}
   (You found it on level 1 of the Vaults)

   [ring of poison resistance]

   It affects your dexterity (+3).
   It protects you from poison.
   It lets you see invisible.
   It makes you more stealthy.
 T - an uncursed ring of sustain attributes
Wands
 a - a wand of disintegration (14/24)
Scrolls
 b - a scroll of enchant armour
 g - 18 scrolls of teleportation
 h - 16 scrolls of remove curse
 j - 9 scrolls of fear
 p - 8 scrolls of fog
 D - 6 scrolls of blinking
 G - a scroll of summoning
 I - 10 scrolls of magic mapping
 K - 9 scrolls of recharging
 V - 4 scrolls of silence
 W - 19 scrolls of identify
Potions
 l - 4 potions of haste
 s - 25 potions of curing
 t - 7 potions of agility
 v - a potion of cancellation {unknown}
 x - 8 potions of might
 A - 6 potions of resistance
 E - 3 potions of brilliance
 F - 5 potions of flight
 H - 4 potions of invisibility
 L - 3 potions of heal wounds
 N - 11 potions of magic
 S - 4 potions of cure mutation
Comestibles
 c - 25 bread rations
 i - 32 fruits
 r - 17 meat rations
 z - 3 royal jellies
 M - 3 beef jerkies


   Skills:
 + Level 22.6 Fighting
 - Level 12.9(18.3) Short Blades
 - Level 11.9(18.5) Long Blades
 + Level 23.7 Polearms
 - Level 15.8 Bows
 + Level 22.6 Armour
 + Level 19.3 Dodging
 - Level 15.2 Shields


You had 24 spell levels left.
You didn't know any spells.

Dungeon Overview and Level Annotations

Branches:
Dungeon (13/15)            Temple (0/1) D:5            Lair (8/8) D:10
  Swamp (4/4) Lair:5        Snake (4/4) Lair:4        Slime (6/6) Lair:8
    Orc (2/2) D:12            Elf (3/3) Orc:2        Vaults (5/5) D:13
  Crypt (3/3) Vaults:3       Tomb (0/3) Crypt:3

Altars:
Cheibriados
Elyvilon
Fedhas
Kikubaaqudgha
Makhleb
Okawaru
Qazlal
Ru
Vehumet
Xom
Yredelemnul
Zin
The Shining One
Beogh
Jiyva

Shops:
D:6 *   D:9 %   D:12 (   Orc:2 ?!(%   Snake:4 (   Vaults:1 [   Vaults:4 =

Annotations:
Slime:6 Royal Jelly


Innate Abilities, Weirdness & Mutations

You reflexively headbutt those who attack you in melee.
You have a pair of horns on your head.
You are partially covered in rough black scales (AC +4, Dex -1).
Scrolls take you longer to read.
Your mind is very acute. (Int +4)
Your flesh is cold resistant.
You are frail (-10% HP).
You are covered in fur (AC +1).
Potions and wands are less effective at restoring your health.


Message History

* * * LOW HITPOINT WARNING * * *
The azure jelly barely misses you. You block the azure jelly's attack.
The azure jelly misses you. The azure jelly completely misses you.
Drink which item? (? for menu, Esc to quit)
You feel much better. The death ooze hits you!
* * * LOW HITPOINT WARNING * * *
You block the death ooze's attack. The acid blob hits you!
* * * LOW HITPOINT WARNING * * *
You are splashed with acid!
The acid burns!
You resist.
* * * LOW HITPOINT WARNING * * *
You block the azure jelly's attack.
The azure jelly hits you but does no damage.
The azure jelly misses you. The azure jelly barely misses you.
The death ooze closely misses you. You furiously retaliate!
You headbutt the death ooze!!
You destroy the death ooze!
That felt strangely unrewarding.
The acid blob spits acid at you. The splash of acid hits you! You resist.
You die...

###........##...#...#.##
####.#....................##
#.#...........#............#
...#.#....................##
# #.......................#
#.#.......................##
...#...........>.......#...#
#.#.............JJ......#.##
#...............@.......###
.....#...................#
#..####..................##
....##.#..................##
...........................#
.............#.............#
..............(.#.........(#
..............(#..........##
.............#............##


You could see an acid blob and an azure jelly.

Vanquished Creatures
  Dissolution (Slime:5)
  An ancient lich (Crypt:3)
  Mennas (Crypt:2)
  Sojobo (Crypt:2)
  the Lernaean hydra (Swamp:4)
  Margery (Vaults:5)
  Vashnia (Snake:4)
  Nikola (Snake:1)
  A golden dragon (Vaults:4)
  4 liches
  4 tentacled monstrosities (Vaults:5)
  Jorgrun (Crypt:1)
  A hellephant (Abyss:2)
  Rupert (D:13)
  Asterion (Snake:4)
  4 titans
  15 acid blobs
  A tentacled starspawn (Abyss:2)
  A sphinx (Vaults:5)
  Frances (D:13)
  A deep elf master archer (Elf:3)
  3 deep elf blademasters
  2 thorn hunters
  6 tengu reavers
  6 storm dragons
  Kirke (Lair:7)
  8 shadow dragons
  10 azure jellies
  2 revenants
  9 greater nagas
  Donald (Swamp:3)
  A fire giant (Vaults:5)
  A frost giant (IceCv)
  Wiglaf (Snake:4)
  Maud (Lair:7)
  13 vault wardens
  2 orc warlords (Orc:1)
  An iron dragon (Vaults:5)
  Aizul (Elf:3)
  8 deep elf sorcerers
  4 deep elf elementalists
  7 ghouls
  2 curse skulls (Crypt:3)
  19 ironheart preservers
  A reaper (Crypt:3)
  5 war gargoyles
  A juggernaut skeleton (Crypt:2)
  12 stone giants
  3 very ugly things (Vaults:5)
  A caustic shrike skeleton (Crypt:1)
  3 vampire knights
  4 salamander stormcallers
  8 deep elf demonologists
  12 deep elf annihilators
  2 deep elf death magi
  Snorg (D:13)
  3 death oozes (Slime:5)
  4 ettins
  A mummy priest (Crypt:3)
  4 eidola
  A quicksilver dragon zombie (Crypt:1)
  30 vault guards
  3 fire dragons
  15 jiangshi
  A minotaur (Lab)
  9 great orbs of eyes
  9 deep elf high priests
  33 hydras
  9 yaktaur captains
  Harold (Lair:1)
  2 ice dragons
  A rakshasa (Vaults:1)
  2 ghost crabs (Swamp:4)
  19 naga warriors
  10 anacondas
  An anaconda (shapeshifter) (Vaults:4)
  Erica (D:10)
  9 centaur warriors
  4 death knights
  8 ogre magi
  27 dancing weapons
  7 alligators
  6 death yaks
  A deep troll shaman (Vaults:1)
  2 deep troll earth magi
  6 vampire magi
  An orc high priest (Orc:2)
  7 shock serpents
  A titan zombie (Crypt:2)
  3 thrashing horrors (Abyss:2)
  A soul eater (Crypt:1)
  15 naga sharpshooters
  Nergalle (Lair:3)
  A storm dragon zombie (Crypt:2)
  28 deep elf knights
  A titan skeleton (Crypt:3)
  3 salamander mystics
  3 wretched stars (Abyss:2)
  4 shadow wraiths
  14 hell knights
  A golden dragon zombie (Crypt:3)
  4 large abominations (Abyss:2)
  2 unseen horrors
  16 deep elf archers
  23 deep trolls
  A sea snake (Snake:3)
  15 skeletal warriors
  3 spriggan druids
  A quicksilver dragon simulacrum (Crypt:1)
  2 giant orange brains
  A death drake (Swamp:2)
  3 spectral hydras (Swamp:2)
  8 swamp dragons
  2 storm dragon skeletons
  15 mana vipers
  11 naga ritualists
  10 flayed ghosts
  10 orc knights
  3 shambling mangroves
  2 wizards
  16 phantasmal warriors
  5 statues (Volcano)
  5 harpies (Vaults:1)
  16 ironbrand convokers
  4 griffons
  7 necromancers
  A harpy (shapeshifter) (Elf:1)
  A lindwurm (Lair:2)
  9 cyclopes
  10 hill giants
  2 orc sorcerers
  10 salamanders
  83 deep elf magi
  11 ugly things
  A stone giant zombie (Crypt:3)
  8 wolf spiders
  2 manticores (D:13)
  2 oklob plants
  3 hornets
  An iron dragon skeleton (Crypt:3)
  8 shining eyes
  A faun (shapeshifter) (Abyss:2)
  A guardian serpent (shapeshifter) (Vaults:3)
  A frost giant skeleton (Crypt:1)
  2 centaur zombies (D:13)
  An apis skeleton (Crypt:1)
  8 guardian serpents
  4 gargoyles (Crypt:3)
  17 elephants
  An ice statue (IceCv)
  12 vault sentinels
  A fire giant skeleton (Crypt:1)
  4 smoke demons
  Joseph (D:7)
  47 black mambas
  2 eyes of devastation
  24 naga magi
  4 komodo dragons
  A human zombie (Vaults:4)
  24 spiny frogs
  A centaur skeleton (D:12)
  A sea snake zombie (Crypt:2)
  38 yaktaurs
  4 swamp worm zombies (Swamp:2)
  3 rime drakes
  An efreet (Abyss:2)
  An emperor scorpion zombie (Crypt:2)
  A yaktaur (shapeshifter) (Vaults:1)
  An iron troll zombie (Crypt:2)
  An anaconda simulacrum (Crypt:2)
  2 ancient zymes (Abyss:2)
  2 hellwings (Abyss:2)
  7 freezing wraiths
  12 trolls
  2 yaktaur skeletons (Vaults:4)
  2 jumping spiders
  4 giant leeches
  The ghost of ReniFell the Shield-Bearer, an amateur MiFi (D:5)
  A pale draconian skeleton (Crypt:1)
  6 red devils (Crypt:3)
  A two-headed ogre (shapeshifter) (Vaults:2)
  A minotaur zombie (Crypt:1)
  16 polar bears
  Prince Ribbit (D:8)
  16 two-headed ogres
  3 spectral swamp dragons (Swamp:2)
  14 bog bodies
  A hydra skeleton (Crypt:2)
  5 boulder beetles
  129 slime creatures
  A snapping turtle (shapeshifter) (Vaults:2)
  2 alligator zombies (Swamp:2)
  A fire giant simulacrum (Vaults:3)
  6 blink frogs
  6 water elementals
  13 redbacks
  An alligator skeleton (Crypt:3)
  2 air elementals
  5 vampires
  17 wraiths
  12 spriggans
  8 shadows
  2 tarantellas (shapeshifter)
  2 ettin skeletons (Crypt:3)
  A ynoxinul (Abyss:2)
  A black mamba skeleton (Crypt:3)
  5 wyverns
  A fire bat (Volcano)
  2 tarantellas
  3 basilisks
  4 steam dragons (Lair:8)
  69 yaks
  A yak (shapeshifter) (Vaults:5)
  3 hungry ghosts (Crypt:3)
  5 fire elementals
  A hog (shapeshifter) (Vaults:2)
  3 giant leech zombies (Swamp:2)
  A basilisk (shapeshifter) (Vaults:4)
  13 hippogriffs
  5 hogs (Lair:7)
  A neqoxec (Abyss:2)
  6 golden eyes
  16 vampire mosquitoes
  15 swamp worms
  12 insubstantial wisps
  3 mottled dragons
  A soldier ant (D:13)
  An infernal demonspawn zombie (Crypt:2)
  64 nagas
  2 spiny frog zombies (Swamp:2)
  8 wargs
  30 water moccasins
  7 porcupines
  17 swamp drakes
  A hell hound (Volcano)
  A sky beast (D:12)
  A gelid demonspawn skeleton (Crypt:2)
  3 black bears
  19 wasps
  9 eyes of draining
  A manticore zombie (Crypt:1)
  3 ice beasts
  29 orc warriors
  A snapping turtle zombie (Crypt:1)
  46 ogres
  A black bear (shapeshifter) (Elf:1)
  7 necrophages
  16 wolves
  15 centaurs
  A manticore skeleton (Crypt:1)
  A small abomination (Abyss:2)
  2 snapping turtle skeletons
  19 crocodiles
  6 big kobolds
  3 earth elementals
  24 giant frogs
  A gnoll sergeant (D:8)
  A wyvern skeleton (D:10)
  6 spriggan zombies (Swamp:2)
  A scorpion (D:6)
  A shapeshifter zombie (Crypt:2)
  A killer bee (D:13)
  4 troll zombies (Swamp:2)
  2 electric eels
  11 wights
  A wolf skeleton (Crypt:1)
  3 giant frog zombies (D:5)
  10 howler monkeys
  4 lava snakes (Volcano)
  A crimson imp (D:13)
  7 hounds
  A quasit (Abyss:2)
  2 gnoll shamans
  A jelly (shapeshifter) (Vaults:4)
  12 orc priests
  31 jellies
  14 orc wizards
  10 iguanas
  5 giant frog skeletons
  A porcupine zombie (Crypt:1)
  11 worker ants
  24 sheep
  A big kobold zombie (Ossuary)
  A hound zombie (D:7)
  2 hound skeletons (D:6)
  8 mummies (Ossuary)
  2 worker ant zombies
  20 adders
  12 gnolls
  A howler monkey skeleton (D:4)
  80 river rats
  A steam dragon skeleton (Crypt:2)
  6 shadow imps
  An adder zombie (D:6)
  5 worms
  A dart slug (D:2)
  6 giant geckos
  76 orcs
  3 giant cockroaches
  13 goblins
  7 hobgoblins
  11 jackals
  6 quokkas
  2 ball pythons (Snake:3)
  9 bats
  5 giant newts
  3 hobgoblin zombies (Ossuary)
  25 kobolds
  2 kobold zombies (Ossuary)
  2 orc zombies (Ossuary)
  A quokka zombie (D:8)
  22 rats
  2 briar patches (Swamp:4)
  8 fungi
  A lost soul (Crypt:1)
  9 plants
  A starspawn tentacle (Abyss:2)
2399 creatures vanquished.

Vanquished Creatures (collateral kills)
  2 acid blobs (Slime:5)
  A vault warden (Vaults:5)
  A ghost crab (Swamp:3)
  A water moccasin (Lair:3)
  A porcupine (Lair:3)
6 creatures vanquished.

Vanquished Creatures (others)
  A deep elf master archer (Elf:3)
  Josephine (Orc:1)
  A hydra (Swamp:4)
  2 ogre magi
  3 naga sharpshooters
  An unseen horror (D:13)
  2 deep elf archers
  A deep elf mage (Vaults:4)
  A spiny frog (Swamp:3)
  7 yaktaurs
  A giant leech (Swamp:4)
  A small abomination (Abyss:2)
  A naga (Snake:4)
  2 ogres
  A centaur (Vaults:2)
  An orc wizard (Orc:1)
  An orc (Vaults:4)
  17 fungi
  3 lost souls
  33 plants
  9 starspawn tentacles (Abyss:2)
  56 starspawn tentacle segments (Abyss:2)
  7 withered plants
153 creatures vanquished.

Grand Total: 2558 creatures vanquished

Notes
Turn   | Place    | Note
--------------------------------------------------------------
     0 | D:1      | nikopol the Minotaur Berserker began the quest for the Orb.
     0 | D:1      | Reached XP level 1. HP: 19/19 MP: 0/0
   182 | D:1      | Reached XP level 2. HP: 24/27 MP: 1/1
   226 | D:1      | Reached skill level 4 in Polearms
   275 | D:1      | Reached ** piety under Trog
   418 | D:1      | Found an iron altar of Okawaru.
   426 | D:1      | You fall through a shaft!
   447 | D:2      | Found a shimmering altar of Xom.
   447 | D:2      | Found a shimmering altar of Xom.
   448 | D:2      | Found a shimmering altar of Xom.
   448 | D:2      | Found a shimmering altar of Xom.
   448 | D:2      | You fall through a shaft!
   480 | D:3      | Reached XP level 3. HP: 25/33 MP: 2/2
   868 | D:2      | Reached XP level 4. HP: 31/40 MP: 3/3
   991 | D:2      | Found a burning altar of Makhleb.
   993 | D:2      | Found a glowing silver altar of Zin.
   993 | D:2      | Noticed an angel
   993 | D:2      | Noticed an Executioner
  1212 | D:2      | Found a shimmering altar of Xom.
  1457 | D:3      | Reached *** piety under Trog
  2008 | D:4      | Reached XP level 5. HP: 47/47 MP: 4/4
  2089 | D:4      | Reached skill level 5 in Polearms
  2277 | D:4      | Noticed an ogre
  2282 | D:4      | Killed an ogre
  2282 | D:4      | Reached skill level 5 in Fighting
  2282 | D:4      | Reached XP level 6. HP: 56/56 MP: 5/5
  2422 | D:4      | Found a white marble altar of Elyvilon.
  2784 | D:5      | Entered Level 5 of the Dungeon
  2823 | D:5      | Reached XP level 7. HP: 62/62 MP: 6/6
  2843 | D:5      | Found a staircase to the Ecumenical Temple.
  2851 | D:5      | Noticed ReniFell's ghost (amateur MiFi)
  2857 | D:5      | Killed ReniFell's ghost
  2857 | D:5      | Reached skill level 6 in Polearms
  2857 | D:5      | Reached skill level 5 in Armour
  2857 | D:5      | Reached skill level 5 in Dodging
  3612 | D:6      | Reached **** piety under Trog
  3612 | D:6      | Reached XP level 8. HP: 67/71 MP: 7/7
  3635 | D:6      | Found a sand-covered staircase.
  3640 | Ossuary  | Entered an ossuary
  4706 | D:6      | Reached skill level 7 in Polearms
  4762 | D:6      | Found Dide's General Store.
  5010 | D:7      | Noticed Joseph
  5228 | D:7      | HP: 2/109 [Joseph/uncursed antimagic quarterstaff (11)]
  5231 | D:7      | Killed Joseph
  5684 | D:7      | Reached XP level 9. HP: 79/81 MP: 8/8
  5874 | D:7      | Reached skill level 8 in Polearms
  5996 | D:7      | Found a blossoming altar of Fedhas.
  6075 | D:8      | Noticed Prince Ribbit
  6089 | D:8      | Killed Prince Ribbit
  6843 | D:8      | Found a snail-covered altar of Cheibriados.
  6843 | D:8      | Found a glowing golden altar of the Shining One.
  6844 | D:8      | Found a radiant altar of Vehumet.
  6950 | D:8      | Found a stormy altar of Qazlal.
  7187 | D:9      | Reached skill level 9 in Polearms
  7187 | D:9      | Reached skill level 1 in Bows
  7458 | D:9      | Reached ***** piety under Trog
  7552 | D:9      | Found Amurphon's Food Emporium.
  7877 | D:10     | Entered Level 10 of the Dungeon
  8101 | D:10     | Reached XP level 10. HP: 87/91 MP: 7/9
  8180 | D:10     | Received a gift from Trog
  8767 | D:10     | Noticed a hill giant
  8774 | D:10     | Noticed Erica
  8781 | D:10     | Killed a hill giant
  8789 | D:10     | Killed Erica
  8789 | D:10     | Reached skill level 10 in Polearms
  9496 | D:10     | Found a staircase to the Lair.
  9609 | Lair:1   | Entered Level 1 of the Lair of Beasts
  9699 | Lair:1   | Noticed Harold
  9804 | Lair:1   | Killed Harold
  9807 | Lair:1   | Reached skill level 10 in Fighting
  9809 | Lair:1   | Reached skill level 11 in Polearms
  9917 | Lair:1   | Reached XP level 11. HP: 47/99 MP: 3/10
 10515 | Lair:1   | Reached skill level 10 in Armour
 10543 | Lair:1   | Received a gift from Trog
 10812 | Lair:2   | Found a dark tunnel.
 10813 | Lair:2   | Noticed a lindwurm
 10819 | Lair:2   | Killed a lindwurm
 10819 | Lair:2   | Reached skill level 5 in Bows
 10855 | Volcano  | Entered a volcano
 11118 | Volcano  | Noticed a firespitter statue
 11120 | Volcano  | Noticed a firespitter statue
 11126 | Volcano  | Killed a firespitter statue
 11136 | Volcano  | Killed a firespitter statue
 11326 | Volcano  | Noticed a firespitter statue
 11335 | Volcano  | Killed a firespitter statue
 11483 | Volcano  | Noticed a firespitter statue
 11484 | Volcano  | Noticed a firespitter statue
 11494 | Volcano  | Killed a firespitter statue
 11502 | Volcano  | Killed a firespitter statue
 11502 | Volcano  | Reached skill level 12 in Polearms
 11754 | Volcano  | Found a radiant altar of Vehumet.
 11754 | Volcano  | Noticed a fire dragon
 11769 | Volcano  | Killed a fire dragon
 12110 | Lair:2   | Identified a scroll of acquirement
 12721 | Lair:2   | Reached skill level 10 in Dodging
 13125 | Lair:3   | Noticed a six-headed hydra
 13137 | Lair:3   | Killed a nine-headed hydra
 13140 | Lair:3   | Reached XP level 12. HP: 30/110 MP: 1/11
 13505 | Lair:3   | Noticed an eight-headed hydra
 13525 | Lair:3   | Killed a nine-headed hydra
 13525 | Lair:3   | Reached skill level 13 in Polearms
 13666 | Lair:3   | Noticed Nergalle
 13676 | Lair:3   | Killed Nergalle
 14382 | Lair:4   | Noticed a death yak
 14386 | Lair:4   | Noticed a death yak
 14387 | Lair:4   | Noticed a death yak
 14403 | Lair:3   | Killed a death yak
 14498 | Lair:3   | Killed a death yak
 14502 | Lair:3   | Received a gift from Trog
 14597 | Lair:4   | Killed a death yak
 14764 | Lair:4   | Noticed a death yak
 14770 | Lair:4   | Noticed a death yak
 14772 | Lair:4   | Noticed a death yak
 14776 | Lair:4   | Killed a death yak
 14783 | Lair:4   | Killed a death yak
 14789 | Lair:4   | Killed a death yak
 14789 | Lair:4   | Reached skill level 14 in Polearms
 15125 | Lair:4   | Received a gift from Trog
 15223 | Lair:4   | Found a staircase to the Snake Pit.
 16165 | Lair:5   | Noticed a four-headed hydra
 16177 | Lair:5   | Killed a nine-headed hydra
 16177 | Lair:5   | Reached XP level 13. HP: 60/118 MP: 2/12
 16273 | Lair:5   | Found a staircase to the Swamp.
 16305 | Lair:5   | Received a gift from Trog
 16350 | Lair:5   | Found a labyrinth entrance.
 16360 | Lab      | Entered a labyrinth
 17679 | Lab      | Paralysed by fainting for 9 turns
 17730 | Lab      | Paralysed by fainting for 11 turns
 17762 | Lab      | Paralysed by fainting for 12 turns
 17783 | Lab      | Paralysed by fainting for 11 turns
 17805 | Lab      | Paralysed by fainting for 10 turns
 19260 | Lab      | Noticed a minotaur
 19267 | Lab      | Killed a minotaur
 19276 | Lab      | Got a bound glass ring
 19435 | Lair:5   | Identified the ring "Maacvih" {*Tele +Fly rC- Str+3} (You found it in a labyrinth)
 20305 | Lair:6   | Reached skill level 15 in Polearms
 20621 | Lair:6   | Identified a +2 pair of boots of running (You acquired it on level 6 of the Lair of Beasts)
 21027 | Lair:6   | Found a blossoming altar of Fedhas.
 21504 | Lair:7   | Noticed Maud
 21512 | Lair:7   | Noticed Kirke
 21514 | Lair:7   | Killed Maud
 21518 | Lair:7   | Received a gift from Trog
 21535 | Lair:7   | Killed Kirke
 23200 | Lair:6   | Received a gift from Trog
 23990 | Lair:8   | Entered Level 8 of the Lair of Beasts
 24005 | Lair:8   | Received a gift from Trog
 24092 | Lair:8   | Reached skill level 16 in Polearms
 24092 | Lair:8   | Reached XP level 14. HP: 129/129 MP: 4/13
 24124 | Lair:8   | Reached ****** piety under Trog
 24140 | Lair:8   | Gained mutation: You have an increased reservoir of magic (+10% MP). [potion of mutation]
 24140 | Lair:8   | Gained mutation: You are weak. (Str -2) [potion of mutation]
 24140 | Lair:8   | Gained mutation: You occasionally shout uncontrollably at your foes. [potion of mutation]
 24141 | Lair:8   | Lost mutation: You have an increased reservoir of magic (+10% MP). [potion of cure mutation]
 24141 | Lair:8   | Lost mutation: You are weak. (Str -2) [potion of cure mutation]
 24141 | Lair:8   | Lost mutation: You occasionally shout uncontrollably at your foes. [potion of cure mutation]
 24981 | Lair:8   | Received a gift from Trog
 25040 | Lair:8   | Reached skill level 10 in Bows
 25963 | Lair:8   | Found a runed door.
 25963 | Lair:8   | Found a viscous altar of Jiyva.
 25963 | Lair:8   | Found a staircase to the Slime Pits.
 26159 | Lair:8   | Reached skill level 17 in Polearms
 27296 | D:11     | Received a gift from Trog
 27764 | D:12     | Found Iluo's Weapon Boutique.
 28328 | D:12     | Found a staircase to the Orcish Mines.
 28544 | D:13     | Received a gift from Trog
 28555 | D:13     | Noticed Frances
 28566 | D:13     | Killed Frances
 28566 | D:13     | Reached XP level 15. HP: 137/137 MP: 3/14
 28618 | D:13     | Found a gate to the Vaults.
 29549 | D:13     | Got a shimmering rapier
 29550 | D:13     | Identified the +6 rapier "Umeuw" {flame, +Rage rElec rPois MP-9} (You found it on level 13 of the Dungeon)
 30117 | D:13     | Noticed Rupert
 30122 | D:13     | Noticed Snorg
 30124 | D:13     | Reached skill level 1 in Shields
 30126 | D:13     | Reached skill level 1 in Short Blades
 30136 | D:13     | Killed Snorg
 30141 | D:13     | HP: 10/207 [Rupert/executioner's axe of chopping (6)]
 30144 | D:13     | Killed Rupert
 30774 | Orc:1    | Entered Level 1 of the Orcish Mines
 31157 | Orc:1    | Noticed an orc warlord
 31184 | Orc:1    | Killed an orc warlord
 31204 | Orc:1    | Received a gift from Trog
 31403 | Orc:1    | Noticed Josephine
 31413 | Orc:1    | Killed Josephine
 31991 | Orc:1    | Noticed an orc warlord
 32017 | Orc:1    | Killed an orc warlord
 32189 | Orc:2    | Entered Level 2 of the Orcish Mines
 32192 | Orc:2    | Found a frozen archway.
 32194 | Orc:2    | Found a runed door.
 32201 | IceCv    | Entered an ice cave
 32393 | IceCv    | Reached skill level 5 in Short Blades
 32431 | IceCv    | Gained mutation: Your mind is acute. (Int +2) [potion of beneficial mutation]
 32613 | IceCv    | Reached skill level 5 in Shields
 32682 | IceCv    | Received a gift from Trog
 32744 | IceCv    | Noticed a frost giant
 32757 | IceCv    | Received a gift from Trog
 32766 | IceCv    | Killed a frost giant
 33429 | Orc:2    | Found a staircase to the Elven Halls.
 33431 | Orc:2    | Found Nez Soty's Distillery.
 33485 | Orc:2    | Reached XP level 16. HP: 147/147 MP: 6/15
 33693 | Orc:2    | Found Udiviw's Magic Scroll Shop.
 33693 | Orc:2    | Found Vatek's Antique Weapon Emporium.
 33729 | Orc:2    | Received a gift from Trog
 33809 | Orc:2    | Found Xobb's Food Boutique.
 34090 | Orc:2    | Found a roughly hewn altar of Beogh.
 34159 | Elf:1    | Entered Level 1 of the Elven Halls
 34852 | Elf:1    | Found a radiant altar of Vehumet.
 34957 | Elf:1    | Reached skill level 15 in Fighting
 35414 | Elf:1    | Reached skill level 15 in Armour
 36207 | Elf:2    | Received a gift from Trog
 36316 | Elf:2    | Found a runed gate.
 36316 | Elf:2    | Found a runed gate.
 36316 | Elf:2    | Found a runed gate.
 36707 | Elf:2    | Reached skill level 10 in Shields
 37130 | Elf:2    | Received a gift from Trog
 37471 | Elf:2    | Noticed a deep elf blademaster
 37840 | Elf:2    | Reached XP level 17. HP: 128/157 MP: 7/16
 38034 | Elf:2    | Cast into level 2 of the Abyss (eveningstar of distortion)
 38038 | Elf:2    | Escaped the Abyss
 38127 | Elf:2    | Killed a deep elf blademaster
 38127 | Elf:2    | Reached skill level 10 in Short Blades
 38273 | Elf:3    | Entered Level 3 of the Elven Halls
 38382 | Elf:3    | Noticed Aizul
 38405 | Elf:3    | Killed Aizul
 38915 | Elf:3    | Received a gift from Trog
 39424 | Elf:3    | Cast into level 2 of the Abyss (a deep elf sorcerer)
 39646 | Abyss:2  | Noticed a hellephant
 39705 | Abyss:2  | Killed a hellephant
 39822 | Abyss:2  | Received a gift from Trog
 39971 | Abyss:2  | Lost intelligence.
 39980 | Elf:3    | Escaped the Abyss
 40276 | Elf:3    | Noticed a deep elf master archer
 40338 | Elf:3    | Killed a deep elf master archer
 40480 | Elf:3    | Got a wavering golden ring
 40496 | Elf:3    | Received a gift from Trog
 40501 | Elf:3    | Reached XP level 18. HP: 103/167 MP: 8/17
 40957 | Elf:3    | Received a gift from Trog
 40967 | Elf:3    | Got a pitted marble ring
 41067 | Elf:3    | Identified the ring "Xidecs" {*Tele rF+ Str+2} (You took it off a deep elf annihilator on level 3 of the Elven Halls)
 41072 | Elf:3    | Identified the ring of Irrepressible Laughter {rElec rC- EV+1 Int+4} (You took it off a deep elf demonologist on level 3 of the Elven Halls)
 41096 | Elf:3    | Got a faintly glowing great sword {elec}
 41127 | Elf:3    | Got a slimy gossamer ring
 41172 | Elf:3    | Identified the +3 great sword of Bodily Harmony {elec, MR++} (You took it off a deep elf annihilator on level 3 of the Elven Halls)
 41200 | Elf:3    | Identified the ring of Zahuaquo {rC++ MP+9 Int+4} (You took it off a deep elf demonologist on level 3 of the Elven Halls)
 41301 | Elf:3    | Got a slimy crystal plate armour
 41312 | Elf:3    | Identified the cursed +1 crystal plate armour of the First Souls {rF+ rC- Str+3 Int+4} (You found it on level 3 of the Elven Halls)
 41986 | Swamp:1  | Entered Level 1 of the Swamp
 42469 | Swamp:1  | Reached skill level 5 in Long Blades
 42529 | Swamp:1  | Reached skill level 18 in Polearms
 42742 | Swamp:1  | Received a gift from Trog
 43350 | Swamp:2  | Received a gift from Trog
 43359 | Swamp:2  | Gained mutation: Your flesh is cold resistant. [potion of beneficial mutation]
 43360 | Swamp:2  | Gained mutation: You are partially covered in rough black scales (AC +4, Dex -1). [potion of beneficial mutation]
 44407 | Swamp:2  | Got a translucent shortbow
 44409 | Swamp:2  | Identified the +10 shortbow of Stickiness {freeze, Str+4 Int+2} (You found it on level 2 of the Swamp)
 45614 | Swamp:3  | Noticed Donald
 45630 | Swamp:3  | Killed Donald
 45696 | Swamp:4  | Entered Level 4 of the Swamp
 45843 | Swamp:4  | Reached XP level 19. HP: 172/172 MP: 9/18
 46389 | Swamp:4  | Received a gift from Trog
 46540 | Swamp:4  | Noticed the 27-headed Lernaean hydra
 46550 | Swamp:4  | Killed the 27-headed Lernaean hydra
 46762 | Swamp:4  | Got a decaying rune of Zot
 47001 | Swamp:4  | Reached skill level 10 in Long Blades
 47370 | Snake:1  | Entered Level 1 of the Snake Pit
 48124 | Snake:1  | Noticed Nikola
 48136 | Snake:1  | Killed Nikola
 48331 | Snake:1  | Received a gift from Trog
 48331 | Snake:1  | Reached skill level 15 in Shields
 49224 | Snake:2  | Reached skill level 19 in Polearms
 50266 | Snake:3  | Received a gift from Trog
 51907 | Snake:4  | Entered Level 4 of the Snake Pit
 51918 | Snake:4  | Found a sacrificial altar of Ru.
 51924 | Snake:4  | Found Kazxirr's Antique Weapon Shoppe.
 52060 | Snake:4  | Noticed Asterion
 52076 | Snake:4  | Killed Asterion
 52326 | Snake:4  | Received a gift from Trog
 52409 | Snake:4  | Reached XP level 20. HP: 175/182 MP: 10/19
 52428 | Snake:4  | Received a gift from Trog
 52555 | Snake:4  | Noticed Vashnia
 52627 | Snake:4  | Killed Vashnia
 53175 | Snake:4  | Noticed Wiglaf
 53200 | Snake:4  | Killed Wiglaf
 53548 | Snake:4  | Received a gift from Trog
 54693 | Snake:4  | Received a gift from Trog
 54830 | Snake:4  | Got a serpentine rune of Zot
 55497 | Vaults:1 | Entered Level 1 of the Vaults
 56193 | Vaults:1 | Got a bloodstained longbow
 56194 | Vaults:1 | Identified the +2 longbow "Ippiuver" {freeze, rElec rPois rF++ MR-} (You found it on level 1 of the Vaults)
 56344 | Vaults:1 | Found Iwnot's Antique Armour Boutique.
 56353 | Vaults:1 | Reached skill level 20 in Polearms
 56456 | Vaults:1 | Received a gift from Trog
 56760 | Vaults:1 | Noticed a Tzitzimitl
 56933 | Vaults:1 | Reached XP level 21. HP: 191/191 MP: 11/20
 56989 | Vaults:1 | Received a gift from Trog
 57645 | Vaults:1 | Got a fine tin ring
 57765 | Vaults:1 | Identified the ring of Nuufoketh {rPois Dex+3 SInv Stlth+} (You found it on level 1 of the Vaults)
 57992 | Vaults:2 | Reached skill level 15 in Dodging
 58139 | Vaults:2 | Gained mutation: Your mind is very acute. (Int +4) [potion of beneficial mutation]
 58507 | Vaults:2 | Received a gift from Trog
 59773 | Vaults:3 | Received a gift from Trog
 60032 | Vaults:3 | Found a staircase to the Crypt.
 60032 | Vaults:3 | Found an ancient bone altar of Kikubaaqudgha.
 60033 | Vaults:3 | Found a basalt altar of Yredelemnul.
 60279 | Vaults:3 | Received a gift from Trog
 60615 | Vaults:3 | Received a gift from Trog
 61148 | Vaults:3 | Received a gift from Trog
 61305 | Vaults:3 | Gained mutation: You are covered in fur (AC +1). [potion of beneficial mutation]
 61590 | Vaults:4 | Found Irhit's Jewellery Shop.
 62060 | Vaults:4 | Received a gift from Trog
 62140 | Vaults:4 | Reached XP level 22. HP: 202/202 MP: 12/21
 62234 | Vaults:4 | Reached skill level 21 in Polearms
 63062 | Vaults:4 | Received a gift from Trog
 63315 | Vaults:5 | Entered Level 5 of the Vaults
 63315 | Vaults:5 | Noticed a golden dragon
 63766 | Vaults:4 | Reached skill level 15 in Bows
 63779 | Vaults:4 | Received a gift from Trog
 64014 | Vaults:4 | Killed a golden dragon
 64739 | Vaults:5 | Got a transparent plate armour
 64761 | Vaults:4 | Identified the +1 plate armour "Otosazuq" {rPois MR+ Str-5 SInv} (You found it on level 5 of the Vaults)
 64907 | Vaults:5 | Identified the Almanac of Feathery Moulding
 64909 | Vaults:5 | Got a silver rune of Zot
 65047 | Vaults:5 | Noticed Margery
 65103 | Vaults:4 | Received a gift from Trog
 65340 | Vaults:5 | Killed Margery
 65772 | Vaults:5 | Reached XP level 23. HP: 56/212 MP: 13/22
 65788 | Vaults:5 | HP: 7/212 [vault warden/uncursed great mace of crushing (17)]
 66261 | Vaults:5 | Got a blackened scimitar {freeze}
 66291 | Vaults:5 | Identified the cursed +1 scimitar of Paper {freeze, rElec rPois Int-4} (You took it off a yaktaur on level 5 of the Vaults)
 66536 | Vaults:5 | Got a clouded silver ring
 66538 | Vaults:5 | Identified the ring "Oppakhui" {Ice +Fly} (You found it on level 5 of the Vaults)
 67209 | Vaults:5 | Got a faintly glowing falchion
 67210 | Vaults:5 | Identified the +3 falchion of Atigae Iwkau {flame, MR++} (You found it on level 5 of the Vaults)
 67220 | Vaults:5 | Received a gift from Trog
 67423 | Vaults:5 | Got a transparent long sword
 67426 | Vaults:5 | Identified the +5 long sword "Xatuy" {venom, +Rage rElec Dex-3 Stlth+} (You found it on level 5 of the Vaults)
 67430 | Vaults:5 | Got a pair of translucent gloves
 67442 | Vaults:5 | Identified the +0 pair of gloves of Cowardice {rF+ rN+ Slay-5 SInv} (You found it on level 5 of the Vaults)
 67538 | Vaults:5 | Reached skill level 22 in Polearms
 67893 | Vaults:5 | Received a gift from Trog
 68973 | Crypt:1  | Entered Level 1 of the Crypt
 69295 | Crypt:1  | Got a pair of polished gloves
 69306 | Crypt:1  | Identified the cursed +0 pair of gloves of Wasted Space {*Confuse rC+ Dex+4} (You found it on level 1 of the Crypt)
 70301 | Crypt:1  | Noticed Jorgrun
 70321 | Crypt:1  | Killed Jorgrun
 71099 | Crypt:2  | Noticed Mennas
 71122 | Crypt:2  | Killed Mennas
 71356 | Crypt:2  | Noticed Sojobo
 71400 | Crypt:2  | Killed Sojobo
 71402 | Crypt:2  | Reached XP level 24. HP: 209/228 MP: 22/22
 72003 | Crypt:3  | Entered Level 3 of the Crypt
 72764 | Crypt:3  | Received a gift from Trog
 73404 | Crypt:3  | Found a staircase to the Tomb.
 73413 | Crypt:3  | Reached skill level 23 in Polearms
 73524 | Crypt:3  | Noticed an ancient lich
 73533 | Crypt:3  | Killed an ancient lich
 74029 | Crypt:3  | Got a translucent brass ring
 74029 | Crypt:3  | Got a warped platinum ring
 74031 | Crypt:3  | Identified the ring of the Coward {rPois rF- rN+ Str+7} (You found it on level 3 of the Crypt)
 74033 | Crypt:3  | Identified the ring "Fyrofah" {rN+ MR- Str+5} (You found it on level 3 of the Crypt)
 74714 | Slime:1  | Entered Level 1 of the Pits of Slime
 74732 | Slime:1  | Gained mutation: Potions and wands are less effective at restoring your health. [a shining eye]
 75304 | Slime:2  | Received a gift from Trog
 76550 | Slime:3  | Received a gift from Trog
 77608 | Slime:4  | Gained mutation: Scrolls take you a little longer to read. [a shining eye]
 78556 | Slime:5  | Reached XP level 25. HP: 237/240 MP: 22/22
 78659 | Slime:5  | Noticed Dissolution
 78669 | Slime:5  | Gained mutation: You are frail (-10% HP). [a shining eye]
 78673 | Slime:5  | Killed Dissolution
 78707 | Slime:5  | Gained mutation: Scrolls take you longer to read. [a shining eye]
 78971 | Slime:6  | Entered Level 6 of the Pits of Slime
 78993 | Slime:6  | Received a gift from Trog
 79085 | Slime:6  | Noticed the Royal Jelly
 79406 | Slime:5  | HP: 9/216 [acid blob[the Royal Jelly] (13)]
 79406 | Slime:5  | HP: 4/216 [acid[the Royal Jelly] (5)]
 79406 | Slime:5  | Killed from afar by an acid blob

Skill      XL: |  1  2  3  4  5  6  7  8  9 10 11 12 13 14 15 16 17 18 19 20 21 22 23 24 |
---------------+-------------------------------------------------------------------------+-----
Polearms       | 4 5 6 7 9 11 12 14 16 17 18 19 20 21 22 23 | 23.7
Fighting       | 4 5 6 7 9 10 11 12 13 14 15 16 17 18 19 20 21 22 | 22.6
Armour         | 3 4 5 7 8 9 10 11 12 13 14 15 16 17 18 19 20 21 22 | 22.6
Dodging        | 3 4 5 6 8 9 10 11 12 13 14 15 16 17 19 | 19.3
Bows           | 2 4 6 8 9 10 11 13 14 15 | 15.8
Shields        | 6 10 13 14 15 | 15.2
Short Blades   | 6 9 12 | 12.9
Long Blades    | 8 11 | 11.9

Action                   |  1- 3 |  4- 6 |  7- 9 | 10-12 | 13-15 | 16-18 | 19-21 | 22-24 | 25-27 || total
-------------------------+-------+-------+-------+-------+-------+-------+-------+-------+-------++-------
Melee: Spear             |   121 |   158 |   428 |   219 |       |       |       |       |       ||   926
       Headbutt          |    11 |    28 |    96 |   106 |   376 |   716 |  1068 |  1144 |    29 ||  3574
       Glaive            |       |       |       |   256 |   793 |     2 |       |       |       ||  1051
       Lajatang          |       |       |       |       |     5 |       |       |       |       ||     5
       Rapier            |       |       |       |       |   503 |  2069 |  2837 |  2088 |    60 ||  7557
       Great sword       |       |       |       |       |       |    34 |       |       |       ||    34
       Eudemon blade     |       |       |       |       |       |       |       |   469 |       ||   469
       Falchion          |       |       |       |       |       |       |       |    54 |       ||    54
 Fire: Shortbow          |       |       |    29 |   299 |   540 |       |   156 |   469 |    70 ||  1563
       Longbow           |       |       |       |       |     7 |   109 |       |       |       ||   116
Invok: Berserk           |       |     1 |     5 |    12 |    17 |    10 |     9 |     6 |     1 ||    61
       Burn Spellbooks   |       |       |       |     1 |     1 |     5 |     1 |    11 |       ||    19
       Trog's Hand       |       |       |       |       |     1 |       |     1 |     1 |       ||     3
       Brothers in Arms  |       |       |       |       |       |     1 |       |     1 |     1 ||     3
 Abil: Evoke Flight      |       |       |       |       |       |       |     1 |       |       ||     1
  Use: Scroll            |       |       |     1 |    27 |    15 |     5 |     4 |    16 |       ||    68
       Potion            |       |       |       |       |     6 |     3 |     2 |     1 |     3 ||    15
 Stab: Distracted        |       |       |       |     1 |       |     2 |     1 |     1 |       ||     5
  Eat: Chunk             |       |     7 |    22 |    32 |    48 |    58 |    66 |    46 |       ||   279
       Beef jerky        |       |       |       |     3 |     2 |       |       |       |       ||     5
       Meat ration       |       |       |       |       |     2 |       |       |       |       ||     2
       Fruit             |       |       |       |       |     2 |     1 |       |       |       ||     3
       Royal jelly       |       |       |       |       |     2 |       |       |     1 |       ||     3
       Pizza             |       |       |       |       |     3 |     1 |       |       |     2 ||     6
Armor: Animal skin       |     5 |       |       |       |       |       |       |       |       ||     5
       Ring mail         |    27 |    50 |    92 |   128 |   379 |       |       |       |       ||   676
       Chain mail        |       |       |       |       |   133 |   473 |   279 |       |       ||   885
       Plate armour      |       |       |       |       |       |     4 |   324 |   674 |    75 ||  1077
Dodge: Dodged            |    51 |    72 |   173 |   400 |  1437 |   925 |  1476 |  1535 |   202 ||  6271
Block: Buckler           |       |       |       |       |   219 |   651 |  1011 |  1015 |    88 ||  2984
       Reflection        |       |       |       |       |     9 |    50 |   145 |    77 |     4 ||   285
